 Dungeon Crawl Stone Soup version 0.31.0-10-gcf4a605ca0 (webtiles) character file.

Game seed: 9909738019695150641

984 booth the Chopper (level 7, -1/58 HPs)
             Began as a Demonspawn Monk on Jan 24, 2024.
             Was a Believer of Fedhas.
             Slain by an ice beast (10 damage)
             ... on level 6 of the Dungeon on Jan 25, 2024.
             The game lasted 00:42:39 (5999 turns).

booth the Chopper (Demonspawn Monk)                 Turns: 5999, Time: 00:42:39

Health: -1/58      AC:  8    Str: 13    XL:     7   Next: 97%
Magic:  3/7        EV: 11    Int: 10    God:    Fedhas [**....]
Gold:   267        SH:  8    Dex: 16    Spells: 6/6 levels left

rFire   . . .        a - +0 hand axe
rCold   . . .        F - +0 kite shield
rNeg    . . .        D - +0 ring mail
rPois   .            (no helmet)
rElec   .            A - +0 cloak
rCorr   .            (no gloves)
SInv    .            o - +1 pair of boots
Will    .....        (no amulet)
Stlth   +            (no ring)
HPRegen 0.29/turn    (no ring)
MPRegen 0.10/turn

%: no passive effects
@: no status effects
A: repulsion field 1, demonic touch 2
a: Renounce Religion, Wall of Briars


You were on level 6 of the Dungeon.
You worshipped Fedhas.
Fedhas was pleased with you.
You visited 1 branch of the dungeon, and saw 6 of its levels.

You collected 267 gold pieces.

Inventory:

Hand Weapons
 a - a +0 hand axe (weapon)
 z - a +2 whip of venom
 C - a +0 mace
Missiles
 b - 4 curare-tipped darts
 j - 8 boomerangs (quivered)
 w - 3 datura-tipped darts
Armour
 o - a +1 pair of boots (worn)
 A - a +0 cloak (worn)
 D - a +0 ring mail (worn)
 F - a +0 kite shield (worn)
Wands
 B - a wand of paralysis (8)
Scrolls
 d - a scroll of identify
 e - 2 scrolls of amnesia
 g - 3 scrolls of fear
 i - 2 scrolls of immolation
 p - a scroll of blinking
 u - a scroll of teleportation
 v - a scroll of revelation {unknown}
Potions
 c - a potion of ambrosia
 f - 2 potions of brilliance
 h - 2 potions of curing
 l - a potion of might
 m - 2 potions of enlightenment
 n - a potion of cancellation
 r - 2 potions of haste
 t - a potion of mutation
 x - a potion of attraction {unknown}


   Skills:
 + Level 6.1 Fighting
 * Level 7.3 Axes
 - Level 2.9 Dodging


You had 6 spell levels left.
You didn't know any spells.
Your spell library was empty.

Dungeon Overview and Level Annotations

Branches:
Dungeon (6/15)             Temple (0/1) D:5

Altars:
Fedhas
Kikubaaqudgha
Sif Muna
Wu Jian

Annotations:
D:6 Pikel


Innate Abilities, Weirdness & Mutations

You are surrounded by a mild repulsion field. (EV +2)
Your touch may inflict irresistible damage on your foes.


Message History

The orc barely misses you. The lemure hits you.
You slash the orc warrior!
The orc warrior is moderately wounded.
You closely miss the ice beast. You hit the lemure but do no damage.
You closely miss the lemure. You hit the orc.
You kill the orc!
Fedhas appreciates your contribution to the ecosystem.
The orc warrior hits you with a +0 dire flail!
The lemure hits you but does no damage. The ice beast completely misses you.
The lemure hits you!
* * * LOW HITPOINT WARNING * * *
You hit the orc warrior but do no damage.
The orc warrior is moderately wounded.
You hit the ice beast but do no damage. You hit the lemure.
You closely miss the lemure. You block the orc warrior's attack.
You block the lemure's attack.
A gnoll sergeant comes into view. It is wielding a +0 trident.
The ice beast hits you but does no damage.
The lemure hits you but does no damage. You block the orc warrior's attack.
You closely miss the orc warrior.
The orc warrior is moderately wounded.
The gnoll sergeant shouts!
You hit the ice beast. You closely miss the lemure. You hit the lemure.
You block the lemure's attack.
The ice beast hits you but does no damage.
The lemure hits your ballistomycete! The lemure barely misses you.
The orc warrior barely misses you.
A ballistomycete spore comes into view.
Your ballistomycete spore explodes!
The lemure appears confused.
The explosion of spores engulfs the lemure!
The lemure is severely wounded.
The gnoll appears confused.
The explosion of spores engulfs the gnoll.
The gnoll is moderately wounded.
The ice beast hits you.
* * * LOW HITPOINT WARNING * * *
The ice beast freezes you!
You die...
Fedhas appreciates your contribution to the ecosystem.

# ....... .. .......
... ....... .S. .......
.. ....... ####### #
.......####.....### #
.......o5.g.....'.# #
.......@Y55.....#.#
####.....P......#)#
#............#.#
#............#.######
......................
.g#.......######.######
...#.......# #.. . ..
#.......# #... ...
#.......


You could see an orc warrior, an ice beast (ally target), 3 lemures, a gnoll
sergeant, a gnoll (confused) and a friendly ballistomycete (summoned).

Vanquished Creatures
  Eustachio (D:4)
  Edmund (D:6)
  An ogre (D:5)
  A lemure (D:6)
  2 scorpions (D:5)
  A bombardier beetle (D:5)
  2 hounds
  3 iguanas
  3 orc wizards (D:5)
  A hound zombie (D:5)
  3 adders
  2 gnolls (D:4)
  3 shadow imps (D:5)
  2 adder zombies (D:5)
  A ribbon worm (D:3)
  3 dart slugs
  11 orcs
  11 ball pythons
  3 endoplasms (D:1)
  2 giant cockroaches
  2 gnoll zombies (D:5)
  7 goblins
  11 hobgoblins
  10 jackals
  2 quokkas
  5 bats
  3 frilled lizards
  10 kobolds
  A kobold zombie (D:5)
  7 rats
115 creatures vanquished.

Vanquished Creatures (collateral kills)
  A burial acolyte (D:5)
  An iguana (D:3)
  An orc wizard (D:3)
  A gnoll (D:4)
  2 orcs (D:4)
  A ball python (D:3)
  A frilled lizard (D:3)
  A kobold (D:3)
  A kobold zombie (D:5)
  A rat (D:3)
  13 ballistomycete spores
24 creatures vanquished.

Vanquished Creatures (others)
  A sleepcap (D:4)
  2 ballistomycete spores
3 creatures vanquished.

Grand Total: 142 creatures vanquished

Notes
Turn   | Place    | Note
-------+----------+-------------------------------------------
     0 | D:1      | booth the Demonspawn Monk began the quest for the Orb.
     0 | D:1      | Reached XP level 1. HP: 18/18 MP: 1/1
   133 | D:1      | Gained mutation: Your touch may inflict minor irresistible
                  | damage on your foes. [demonic ancestry]
   133 | D:1      | Reached XP level 2. HP: 17/24 MP: 2/2
   194 | D:1      | Reached skill level 3 in Axes
   633 | D:1      | Gained mutation: Your touch may inflict irresistible damage
                  | on your foes. [demonic ancestry]
   633 | D:1      | Reached XP level 3. HP: 29/29 MP: 3/3
   640 | D:1      | Found a faded altar of an unknown god.
   649 | D:1      | Prayed at the altar of an unknown god.
   649 | D:1      | Became a worshipper of Fedhas Madash
   649 | D:1      | Reached * piety under Fedhas
   649 | D:1      | Reached ** piety under Fedhas
  1090 | D:2      | Reached *** piety under Fedhas
  1818 | D:3      | Reached XP level 4. HP: 36/37 MP: 4/4
  1849 | D:3      | Found an ornate altar of the Wu Jian Council.
  1890 | D:3      | Reached skill level 4 in Axes
  2345 | D:3      | Found a shimmering blue altar of Sif Muna.
  2380 | D:3      | Reached XP level 5. HP: 24/42 MP: 1/5
  2599 | D:3      | Identified the +0 leather armour of Death's Door {rElec}
  2651 | D:3      | Upgraded the game from 0.31.0-9-g3a7656b989 to
                  | 0.31.0-10-gcf4a605ca0
  3127 | D:4      | Noticed Eustachio
  3290 | D:4      | Killed Eustachio
  3291 | D:4      | Reached skill level 5 in Axes
  3291 | D:4      | Reached XP level 6. HP: 35/49 MP: 6/6
  4184 | D:5      | Entered Level 5 of the Dungeon
  4243 | D:5      | Reached skill level 5 in Fighting
  4385 | D:5      | Reached **** piety under Fedhas
  4515 | D:5      | Reached skill level 6 in Axes
  4515 | D:5      | Gained mutation: You are surrounded by a mild repulsion
                  | field. (EV +2) [demonic ancestry]
  4515 | D:5      | Reached XP level 7. HP: 56/56 MP: 7/7
  4981 | D:5      | Found an ancient bone altar of Kikubaaqudgha.
  5091 | D:5      | Found a staircase to the Ecumenical Temple.
  5414 | D:5      | Reached skill level 7 in Axes
  5584 | D:6      | Noticed Edmund
  5714 | D:6      | Killed Edmund
  5943 | D:6      | Noticed Pikel
  5999 | D:6      | Slain by an ice beast

Illustrated notes

Levels and vault maps discovered:
D:1:      amcnicky_arrival_blooded_trapdoor, layout_loops_ring,
          shapermc_ecumenical_altar_flowoftime, minmay_quantized
D:2:      layout_loops_ring
D:3:      layout_rooms, mainiacjoe_overflow_surrounded_room,
          kennysheep_orc_sif_temple
D:4:      layout_loops_ring, mrwooster_statue_mirror, uniq_eustachio
D:5:      layout_rooms, regret_index_kikubaaqudgha_part_by_part,
          minmay_temple_entry_nine_rooms
D:6:      layout_basic, uniq_pikel, uniq_edmund

Skill      XL: |  1  2  3  4  5  6  7 |
---------------+----------------------+-----
Axes           | 3 4 5 6 7 |  7.3
Fighting       | 4 5 6 |  6.1
Dodging        | |  2.9

Action                     |  1- 3 |  4- 6 |  7- 9 || total
---------------------------+-------+-------+-------++-------
  Melee: Hand axe          |   151 |   279 |   120 ||   550
  Throw: Boomerang         |       |    54 |    35 ||    89
 Invoke: Wall of Briars    |       |     5 |     4 ||     9
         Grow Ballistomyce |       |     1 |     5 ||     6
    Use: Scroll            |     8 |     4 |     2 ||    14
         Potion            |     1 |     1 |     2 ||     4
   Stab: Sleeping          |     1 |       |       ||     1
 Armour: Robe              |    18 |       |       ||    18
         Leather armour    |    53 |   137 |       ||   190
         Ring mail         |       |    44 |    81 ||   125
  Dodge: Dodged            |   102 |   157 |    51 ||   310
  Block: Buckler           |     3 |    59 |    12 ||    74
         Kite shield       |       |       |    24 ||    24
